 Dungeon Crawl Stone Soup version 0.30-a0-269-gf0224bf7b6 (webtiles) character file.

Game seed: 12889328742096161322

1 ChrisCrawling the Sneak (level 1, -5/12 HPs)
             Began as a Kobold Brigand on Oct 14, 2022.
             Slain by a gnoll
             ... wielding a +0 whip
              (9 damage)
             ... on level 1 of the Dungeon.
             The game lasted 00:00:15 (47 turns).

ChrisCrawling the Sneak (Kobold Brigand)              Turns: 47, Time: 00:00:15

Health: -5/12      AC:  3    Str:  8    XL:     1   Next: 22%
Magic:  1/1        EV: 14    Int: 12    God:
Gold:   21         SH:  0    Dex: 16    Spells: 0/0 levels left

rFire   . . .      SeeInvis .    a - +2 dagger
rCold   . . .      Faith    .    (no shield)
rNeg    . . .      Spirit   .    b - +0 robe
rPois   .          Reflect  .    (no helmet)
rElec   .          Harm     .    c - +0 cloak
rCorr   .          Rampage  .    (no gloves)
Will    .....                    (no boots)
Stlth   ++++......               (no amulet)
HPRegen 0.22/turn                (no ring)
MPRegen 0.07/turn                (no ring)

@: no status effects
A: small, no large weapons, nightstalker 3
a: no special abilities


You were on level 1 of the Dungeon.
You visited 1 branch of the dungeon, and saw 1 of its levels.

You collected 21 gold pieces.

Inventory:

Hand Weapons
 a - a +2 dagger (weapon)
Missiles
 d - 9 poisoned darts (quivered)
 e - 3 curare-tipped darts
Armour
 b - a +0 robe (worn)
 c - a +0 cloak (worn)
Potions
 f - a potion of curing {unknown}


   Skills:
 + Level 2.1 Fighting
 + Level 2.9 Short Blades
 + Level 2.1 Throwing
 + Level 1.2 Dodging
 + Level 5.3 Stealth


You couldn't memorise any spells.
You didn't know any spells.
Your spell library was empty.

Dungeon Overview and Level Annotations

Branches:
Dungeon (1/15)

Altars:


Innate Abilities, Weirdness & Mutations

You are small and have problems with some larger weapons.
You are completely attuned to the shadows.


Message History

The helpless goblin fails to defend itself.
You impale the goblin!!
You kill the goblin!
Things that are here:
a +0 club; a goblin corpse A jackal comes into view.
The jackal barks!
You hear a shout!
You hear a bark! x2
A hobgoblin comes into view.
The jackal barely misses you.
The hobgoblin moves out of view.
The jackal bites you but does no damage.
Found 2 poisoned darts.
The jackal misses you.
A jackal comes into view.
The hobgoblin shouts!
You hit the jackal but do no damage. The jackal bites you.
The jackal misses you.
You hit the jackal.
The jackal is heavily wounded.
A gnoll comes into view. It is wielding a +0 whip.
The jackal barely misses you.
You barely miss the jackal.
The jackal is heavily wounded.
The jackal bites you. The jackal misses you.
You barely miss the jackal.
The jackal is heavily wounded.
The jackal bites you but does no damage.
The jackal misses you.
The hobgoblin hits you but does no damage.
You barely miss the jackal.
The jackal is heavily wounded.
The jackal bites you. The jackal misses you.
The hobgoblin completely misses you.
You miss the jackal.
The jackal is heavily wounded.
The jackal barely misses you. x2; The jackal completely misses you.
A giant cockroach comes into view.
You hit the jackal.
You kill the jackal!
The jackal bites you. The gnoll hits you with a +0 whip!
Ouch! That really hurt!
You die...

(########
B..g...)#
...h@...#
...g....#
#######.# #.#
##.# #..##
#...####
#.......
#######.#######


You could see a gnoll, a jackal, a giant cockroach and a hobgoblin.

Vanquished Creatures
  A goblin (D:1)
  A jackal (D:1)
2 creatures vanquished.

Notes
Turn   | Place    | Note
-------+----------+-------------------------------------------
     0 | D:1      | ChrisCrawling the Kobold Brigand began the quest for the
                  | Orb.
     0 | D:1      | Reached XP level 1. HP: 12/12 MP: 1/1
    47 | D:1      | Slain by a gnoll

Illustrated notes

Levels and vault maps discovered:
D:1:      matt_arrival_grand_opening, layout_loops_ring, kennysheep_another_room

Action                   || total
-------------------------++-------
Melee: Dagger            ||     8
 Stab: Sleeping          ||     1
Armor: Robe              ||     3
Dodge: Dodged            ||    11

Table legend: (Time is in decaauts)
 A = Elapsed time spent in this place.
 B = Non-inter-level travel time spent in this place.
 C = Inter-level travel time spent in this place.
 D = Time resting spent in this place.
 E = Time spent auto-exploring this place.
 F = Levels seen in this place.
 G = Mean time per level.
                   A        B        C        D        E       F      G
               +--------+--------+--------+--------+--------+-----+--------+
         Total |     45 |     45 |      0 |      0 |      5 |   1 |   45.0 |
       Dungeon |     45 |     45 |      0 |      0 |      5 |   1 |   45.0 |
               +--------+--------+--------+--------+--------+-----+--------+

Top non-repeatable levels by time:
     D:1: 45 daAuts
